 Dungeon Crawl Stone Soup version 0.28-a0-906-g0406aca7d3 (webtiles) character file.

Game seed: 5058845642793353015

29 vurker the Gusty (level 3, 15/15 HPs)
             Began as a Felid Air Elementalist on Nov 23, 2021.
             Quit the game on level 2 of the Dungeon.
             The game lasted 00:02:08 (1916 turns).

vurker the Gusty (Felid Air Elementalist)           Turns: 1916, Time: 00:02:09

Health: 15/15      AC:  1    Str:  4    XL:     3   Next: 1%
Magic:  8/8        EV: 17    Int: 17    God:
Gold:   37         SH:  0    Dex: 16    Spells: 6/7 levels left
                                        Lives:  0   Deaths: 1

rFire   . . .      SeeInvis +   (weapon unavailable)
rCold   . . .      Faith    .   (shield unavailable)
rNeg    . . .      Spirit   .   (armour unavailable)
rPois   .          Reflect  .   (helmet unavailable)
rElec   .          Harm     .   (cloak unavailable)
rCorr   .          Rampage  .   (gloves unavailable)
Will    .....                   (boots unavailable)
Stlth   ++........              (no amulet)
HPRegen 0.05/turn               (no ring)
MPRegen 0.11/turn               (no ring)

@: quick
A: very small, claws 1, fangs 3, see invisible, speed 1, shaggy fur 1, stealthy
paws, no weapons or thrown items, no armour, multi-lived
a: no special abilities


You were on level 2 of the Dungeon.
You visited 1 branch of the dungeon, and saw 2 of its levels.

You collected 97 gold pieces.
You spent 60 gold pieces at shops.

Inventory:

Scrolls
 a - a scroll of silence {unknown}
 b - 2 scrolls of teleportation
 e - 2 scrolls of blinking {unknown}
 f - a scroll of fog {unknown}
Potions
 d - a potion of resistance


   Skills:
 + Level 1.2 Fighting
 - Level 2.6 Dodging
 - Level 2.6 Stealth
 * Level 2.8 Spellcasting
 + Level 1.5 Conjurations
 * Level 3.4 Air Magic


You had 6 spell levels left.
You knew the following spells:

 Your Spells              Type           Power      Damage    Failure   Level
a - Shock                 Conj/Air       40%        1d5       6%          1

Your spell library contained the following spells:

 Spells                   Type           Power      Damage    Failure   Level
 Static Discharge         Conj/Air       10%        N/A       10%         2
 Swiftness                Air            14%        N/A       13%         3
 Airstrike                Air            7%         N/A       41%         4


Dungeon Overview and Level Annotations

Branches:
Dungeon (2/15)

Altars:
Wu Jian

Shops:
D:2 *

Annotations:
D:2 Natasha


Innate Abilities, Weirdness & Mutations

You have sharp claws.
You have razor-sharp teeth.
You have supernaturally acute eyesight. (SInv)
You cover ground quickly. (Speed+)
You are covered in fur. (AC +1)
Your paws help you pounce on unaware monsters.
You are incapable of wielding weapons or throwing items.
You cannot wear armour.
You gain extra lives every three experience levels.


Message History

The zap hits Natasha.
Natasha hisses angrily.
Natasha drinks a potion.
Natasha seems to grow stronger.
Aim: Natasha (moderately wounded, strong, 60% to hit)
The zap hits Natasha.
The zap hits Natasha. x2
Natasha stares at you and mumbles some strange words.
The magic dart hits you!
Ouch! That really hurt!
* * * LOW HITPOINT WARNING * * *
The zap hits Natasha.
You kill Natasha!
Natasha yowls pathetically as she dies!
You have reached level 4!
Extra life!
You hear a zap.
You hear a grinding noise.
You hear a zap.
You hear a grinding noise.
You hear a zap.
You hear a grinding noise.
You hear a zap.
You hear a grinding noise.
Natasha, Servant of Life and Death comes into view.
She is carrying a wand of digging (5).
Aim: Natasha, carrying a wand of digging (5) (wandering, hasn't noticed you, 60% to hit)
The zap hits Natasha but does no damage.
Natasha hisses angrily.
Natasha mumbles some strange words.
Natasha's front paws start to glow.
Natasha zaps a wand.
You hear a grinding noise.
You hear a zap.
You hear a grinding noise.
Aim: Natasha, carrying a wand of digging (3) (60% to hit)
The zap misses Natasha.
Aim: Natasha, carrying a wand of digging (3) (60% to hit)
The zap hits Natasha.
Natasha stares at you and mumbles some strange words.
The magic dart hits you!
* * * LOW HITPOINT WARNING * * *
Aim: Natasha, carrying a wand of digging (3) (lightly wounded, 60% to hit)
The zap hits Natasha.
Aim: Natasha, carrying a wand of digging (3) (moderately wounded, 60% to hit)
The zap misses Natasha. x2; Natasha drinks a potion.
Natasha seems to grow stronger.
The zap hits Natasha.
The zap hits Natasha but does no damage.
Okay, then.
The zap misses Natasha.
Natasha closely misses you.
The zap hits Natasha.
Natasha claws you!
You die...
You are now level 3!
You rejoin the land of the living...
You don't know that spell.
You can't see any susceptible monsters within range! (Use Z to cast anyway.)

#....#....# #. #.##...##<# ##
#.###.###.# #.###.# #.#
#.#...###.#
#########......##.#
####........#.....##.#
#.....######......# .#
#.##.## #@#....# ##.####
#.##.#.#
##...#########.##.#.#
###..#............#.#.##.#
.......#########..#.#.##.#
#####.#####.......#.#.##.####
####.# #...#####.....#.....#
#....# #.### #.....#.....####
#.#### #.# #.....#.........


There were no monsters in sight!

Vanquished Creatures
  Natasha (D:2)
  2 adders (D:2)
  2 ball pythons
  8 endoplasms
  A giant cockroach (D:1)
  3 goblins
  2 hobgoblins
  4 bats
  2 kobolds
  2 rats
27 creatures vanquished.

Notes
Turn   | Place    | Note
-------+----------+-------------------------------------------
     0 | D:1      | vurker the Felid Air Elementalist began the quest for the
                  | Orb.
     0 | D:1      | Reached XP level 1. HP: 7/7 MP: 4/4
   126 | D:1      | Reached skill level 1 in Conjurations
   308 | D:1      | Found a faded altar of an unknown god.
   322 | D:1      | Reached XP level 2. HP: 12/12 MP: 3/6
   586 | D:1      | Reached skill level 3 in Air Magic
  1122 | D:2      | Reached XP level 3. HP: 15/15 MP: 3/7
  1534 | D:2      | Found Ynwag's General Store.
  1541 | D:2      | Bought a scroll of identify for 24 gold pieces
  1541 | D:2      | Bought a scroll of teleportation for 36 gold pieces
  1685 | D:2      | Reached skill level 1 in Fighting
  1708 | D:2      | Found an ornate altar of the Wu Jian Council.
  1833 | D:2      | Noticed Natasha
  1839 | D:2      | Killed Natasha
  1840 | D:2      | Reached XP level 4. HP: 6/19 MP: 3/9
  1900 | D:2      | Noticed Natasha
  1915 | D:2      | Mangled by Natasha
  1916 | D:2      | Reached XP level 3. HP: -8/15 MP: 2/8
  1916 | D:2      | Quit the game

Illustrated notes

Levels and vault maps discovered:
D:1:      dpeg_arrival_pits, layout_loops_cross,
          shapermc_ecumenical_altar_pompeii
D:2:      layout_loops_ring, serial_shops, shop, basic_altar, uniq_natasha

Skill      XL: |  1  2  3 |
---------------+----------+-----
Conjurations   | 1 |  1.5
Air Magic      | 3 |  3.4
Fighting       | 1 |  1.2
Dodging        | |  2.6
Stealth        | |  2.6
Spellcasting   | |  2.8

Action                   |  1- 3 |  4- 6 || total
-------------------------+-------+-------++-------
Melee: Unarmed           |     8 |       ||     8
       Bite              |     1 |       ||     1
 Cast: Shock             |    77 |     8 ||    85
  Use: Scroll            |     2 |       ||     2
Dodge: Dodged            |    25 |     1 ||    26

Table legend: (Time is in decaauts)
 A = Elapsed time spent in this place.
 B = Non-inter-level travel time spent in this place.
 C = Inter-level travel time spent in this place.
 D = Time resting spent in this place.
 E = Time spent auto-exploring this place.
 F = Levels seen in this place.
 G = Mean time per level.
                   A        B        C        D        E       F      G
               +--------+--------+--------+--------+--------+-----+--------+
         Total |   1744 |   1716 |     28 |    156 |   1337 |   2 |  872.0 |
       Dungeon |   1744 |   1716 |     28 |    156 |   1337 |   2 |  872.0 |
               +--------+--------+--------+--------+--------+-----+--------+

Top non-repeatable levels by time:
     D:1: 964 daAuts
     D:2: 780 daAuts
